 Dungeon Crawl Stone Soup version 0.20-a0-1017-gc3250ce (webtiles) character file.

28 Gorice the Sneak (level 3, -4/19 HPs)
             Began as a Kobold Enchanter on Apr 16, 2017.
             Slain by a hobgoblin
             ... wielding a +0 club
              (7 damage)
             ... on level 1 of the Dungeon.
             The game lasted 00:06:13 (1382 turns).

Gorice the Sneak (Kobold Enchanter)                 Turns: 1382, Time: 00:06:14

Health: -4/19      AC:  2    Str:  6    XL:     3   Next: 30%
Magic:  6/6        EV: 15    Int: 16    God:
Gold:   16         SH:  0    Dex: 15    Spells: 3/6 levels left

rFire    . . .     SeeInvis .   a - +1 dagger
rCold    . . .     Gourm    .   (shield restricted)
rNeg     . . .     Faith    .   b - +0 robe
rPois    .         Spirit   .   (no helmet)
rElec    .         Reflect  .   (no cloak)
rCorr    .         Harm     .   (no gloves)
MR       .....                  (no boots)
Stlth    +++.......             (no amulet)
Regen    0.1/turn               (no ring)
MPRegen  0.1/turn               (no ring)

@: no status effects
A: carnivore 3
a: no special abilities


You were on level 1 of the Dungeon.
You were completely stuffed.

You visited 1 branch of the dungeon, and saw 1 of its levels.

You collected 16 gold pieces.

Inventory:

Hand Weapons
 a - a +1 dagger (weapon)
Armour
 b - a +0 robe (worn)
Scrolls
 e - 2 scrolls of recharging {unknown}
 f - a scroll of magic mapping {unknown}
 h - a scroll of teleportation {unknown}
Potions
 g - a potion of agility {unknown}
 i - 2 potions of berserk rage {unknown}
Books
 c - a book of Maledictions
Comestibles
 d - a meat ration {!e}
 j - a chunk of flesh


   Skills:
 + Level 2.2 Short Blades
 - Level 2.4 Dodging
 - Level 4.0 Stealth
 - Level 2.1 Spellcasting
 * Level 3.9 Hexes


You had 3 spell levels left.
You knew the following spells:

 Your Spells              Type           Power        Failure   Level  Hunger
a - Corona                Hex            ##.....      4%          1    #......
b - Ensorcelled Hibernat  Hex/Ice        #.....       14%         2    ###....


Dungeon Overview and Level Annotations

Branches:
Dungeon (1/15)

Altars:


Innate Abilities, Weirdness & Mutations

You are small and have problems with some larger weapons.
You are carnivorous and can eat meat at any time.


Message History

Casting: Corona
Confirm with . or Enter, or press ? or * to list all spells.
Aiming: Corona
Press: ? - help, Shift-Dir - straight line, f - hobgoblin
Aim: a hobgoblin, wielding a club and wearing a ring mail (chance to defeat MR: 68%)
The hobgoblin is outlined in light.
The hobgoblin throws a stone.
The stone completely misses you. The hobgoblin closely misses you.
You hit the hobgoblin.
The hobgoblin is moderately wounded.
The hobgoblin hits you with a club.
Damage: 1 (max 1)
You barely miss the hobgoblin.
The hobgoblin is moderately wounded.
The hobgoblin barely misses you.
You hit the hobgoblin but do no damage.
The hobgoblin is moderately wounded.
The hobgoblin hits you with a club.
Damage: 2 (max 2)
You hit the hobgoblin but do no damage.
The hobgoblin is moderately wounded.
You hit the hobgoblin but do no damage.
The hobgoblin is moderately wounded.
The hobgoblin barely misses you.
You hit the hobgoblin but do no damage.
The hobgoblin is moderately wounded.
The hobgoblin hits you with a club.
* * * LOW HITPOINT WARNING * * *
Damage: 5 (max 5)
You hit the hobgoblin but do no damage.
The hobgoblin is moderately wounded.
The hobgoblin misses you.
You hit the hobgoblin but do no damage.
The hobgoblin is moderately wounded.
The hobgoblin closely misses you.
You hit the hobgoblin but do no damage.
The hobgoblin is moderately wounded.
The hobgoblin stops glowing.
You closely miss the hobgoblin.
The hobgoblin is moderately wounded.
The hobgoblin closely misses you.
You barely miss the hobgoblin.
The hobgoblin is moderately wounded.
The hobgoblin hits you with a club.
* * * LOW HITPOINT WARNING * * *
Damage: 3 (max 5)
You hit the hobgoblin but do no damage.
The hobgoblin is moderately wounded.
The hobgoblin hits you with a club!
You die...

#....#.####..............#
#...##....................
#.......#.#.#.###..#..... .
#...###.#.#.#...#..#..... ..
#...###.#)#.#.###...#####.#
#..........................
#.#.###'#####.###.#.##.##.##
#..................(........
#...........#.#.@.#..#.#####
............#.#g####.#.# .#
#...............####.#.######.##
#................รท(.............
#.#########.#..######.#####...#
..# #.##.# #.#####...## .##
##+##.## #........... .# #......#
#..........h ## #......#
#............


You could see a hobgoblin.

Vanquished Creatures
  2 dart slugs (D:1)
  A leopard gecko (D:1)
  A bat (D:1)
  3 giant cockroaches (D:1)
  A goblin (D:1)
  4 hobgoblins (D:1)
  2 jackals (D:1)
  3 kobolds (D:1)
  2 frilled lizards (D:1)
  A rat (D:1)
20 creatures vanquished.

Vanquished Creatures (others)
  A frilled lizard (D:1)
1 creature vanquished.

Grand Total: 21 creatures vanquished

Notes
Turn   | Place    | Note
-------+----------+-------------------------------------------
     0 | D:1      | Gorice the Kobold Enchanter began the quest for the Orb.
     0 | D:1      | Reached XP level 1. HP: 10/10 MP: 3/3
   262 | D:1      | Reached XP level 2. HP: 15/15 MP: 1/5
   565 | D:1      | Learned a level 2 spell: Ensorcelled Hibernation
   590 | D:1      | Reached skill level 2 in Short Blades
   833 | D:1      | HP: 3/15 [kobold/club (5)]
   837 | D:1      | Reached XP level 3. HP: 4/19 MP: 3/6
  1376 | D:1      | HP: 5/19 [hobgoblin/club (5)]
  1381 | D:1      | HP: 3/19 [hobgoblin/club (3)]
  1382 | D:1      | Slain by a hobgoblin

Vault maps used:
D:1:      shiori_arrival_oz

Skill      XL: |  1  2 |
---------------+-------+-----
Short Blades   | 2 |  2.2
Dodging        | |  2.4
Stealth        | |  4.0
Spellcasting   | |  2.1
Hexes          | |  3.9

Action                   || total
-------------------------++-------
Melee: Dagger            ||   110
 Cast: Corona            ||    28
 Stab: Sleeping          ||     3
  Eat: Chunk             ||    10
Armor: Robe              ||    16
Dodge: Dodged            ||   112

Table legend:
 A = Turns spent in this place as a percentage of turns spent in the entire game.
 B = Non-inter-level travel turns spent in this place as a percentage of non-inter-level travel turns spent in the entire game.
 C = Inter-level travel turns spent in this place as a percentage of turns spent in this place.
 D = Turns resting spent in this place as a percentage of non-inter-level travel turns spent in this place.
 E = Turns spent auto-exploring this place as a percentage of non-inter-level travel turns spent in this place.
 F = Non-inter-level travel turns spent in this place divided by the number of levels of this place that you've seen.
                   A       B       C       D       E      F
               +-------+-------+-------+-------+-------+----------------------
         Total | 100.0 | 100.0 |   0.0 |   6.0 |   2.3 | 529.0
       Dungeon | 100.0 | 100.0 |   0.0 |   6.0 |   2.3 | 529.0
               +-------+-------+-------+-------+-------+----------------------

Vault maps used:
D:1:      shiori_arrival_oz
